 Dungeon Crawl Stone Soup version 0.28-a0-1199-gef9e1dbd39 (webtiles) character file.

Game seed: 422101672494977758

66 croobank the Sneak (level 3, -2/17 HPs)
             Began as a Felid Delver on Dec 19, 2021.
             Was a Follower of Nemelex Xobeh.
             Slain by a gnoll (6 damage)
             ... on level 3 of the Dungeon.
             The game lasted 00:11:37 (2739 turns).

croobank the Sneak (Felid Delver)                   Turns: 2739, Time: 00:11:38

Health: -2/17      AC:  1    Str: 10    XL:     3   Next: 96%
Magic:  4/4        EV: 19    Int: 11    God:    Nemelex Xobeh [*.....]
Gold:   44         SH:  5    Dex: 23    Spells: 2/2 levels left
                                        Lives:  0   Deaths: 0

rFire   . . .      SeeInvis +     - Unarmed
rCold   . . .      Faith    .   (shield unavailable)
rNeg    . . .      Spirit   .   (armour unavailable)
rPois   .          Reflect  +   (helmet unavailable)
rElec   .          Harm     .   (cloak unavailable)
rCorr   .          Rampage  .   (gloves unavailable)
Will    .....                   (boots unavailable)
Stlth   ++++......              i - amulet of reflection
HPRegen 0.05/turn               c - +6 ring of dexterity
MPRegen 0.09/turn               (no ring)

@: about to teleport, quick
A: very small, claws 1, fangs 3, see invisible, speed 1, shaggy fur 1, stealthy
paws, no weapons or thrown items, no armour, multi-lived
a: Renounce Religion, Draw Escape, Draw Destruction, Draw Summoning


You were on level 3 of the Dungeon.
You worshipped Nemelex Xobeh.
Nemelex Xobeh was aware of your devotion.
You visited 1 branch of the dungeon, and saw 5 of its levels.

You collected 44 gold pieces.

Inventory:

Missiles
 b - 126 stones
Jewellery
 c - a +6 ring of dexterity (left paw)
 i - an amulet of reflection (around neck)
Wands
 e - a wand of digging (3)
 h - a wand of charming (7)
Scrolls
 a - a scroll of fog
 f - 2 scrolls of noise
 g - 2 scrolls of teleportation
 j - a scroll of fear
Potions
 d - 2 potions of curing


   Skills:
 + Level 3.5 Fighting
 + Level 3.6 Dodging
 + Level 7.2 Stealth
 + Level 2.7 Unarmed Combat


You had 2 spell levels left.
You didn't know any spells.
Your spell library contained the following spells:

 Spells                   Type           Power      Damage    Failure   Level
 Sublimation of Blood     Necr           0%         N/A       47%         2
 Flame Wave               Conj/Fire      0%         2d4       98%         4
 Petrify                  Tmut/Erth      0%         N/A       98%         4
 Irradiate                Conj/Tmut      0%         3d13      100%        5
 Statue Form              Tmut/Erth      0%         N/A       100%        6
 Dragon Form              Tmut           0%         N/A       100%        7


Dungeon Overview and Level Annotations

Branches:
Dungeon (5/15)
 Temple: D:4-7

Altars:
Nemelex Xobeh

Annotations:
D:2 1 runed translucent door, Crazy Yiuf


Innate Abilities, Weirdness & Mutations

You have sharp claws.
You have razor-sharp teeth.
You have supernaturally acute eyesight. (SInv)
You cover ground quickly. (Speed+)
You are covered in fur. (AC +1)
Your paws help you pounce on unaware monsters.
You are incapable of wielding weapons or throwing items.
You cannot wear armour.
You gain extra lives every three experience levels.


Message History

You scratch the endoplasm but do no damage.
The endoplasm is severely wounded.
The endoplasm misses you.
You scratch the endoplasm.
You kill the endoplasm!
You see here 14 stones.
You see here 14 stones.
b - 126 stones (gained 14)
A kobold comes into view. It is wielding a +0 short sword.
The helpless giant cockroach fails to defend itself.
You mangle the giant cockroach!!
You kill the giant cockroach!
A dart slug comes into view.
The dart slug moves out of view.
You closely miss the kobold.
The kobold shouts!
Your bite misses the kobold.
You hear a shout! x2
The kobold closely misses you. The dart slug launches a dart at you.
The slug dart reflects off an invisible shield around you!
The slug dart hits the dart slug.
You scratch the kobold.
You kill the kobold!
A gnoll comes into view. It is wielding a +0 club.
The gnoll shouts!
You scratch the gnoll.
The gnoll is moderately wounded.
The gnoll hits you with a +0 flail.
You scratch the gnoll. You bite the gnoll, but do no damage.
The gnoll is heavily wounded.
A gnoll comes into view. It is wielding a +0 spear.
The gnoll hits you with a +0 flail!
* * * LOW HITPOINT WARNING * * *
Okay, then.
As you read the scroll of teleportation, it crumbles to dust.
You feel strangely unstable.
The gnoll hits you from afar with a +0 spear.
You die...
Your body glows slightly and disappears.

####### ###### #.....#
#....# #.>.#.######
#.#.#####.........
#@............<..#
#g...†........##..
#.#g..))........#.
#g##..............
#####.##.g..>........#
#.....w...........##..
#.................# ..
#...........w......r .
#.......###.###..##..


You could see a worm (wandering), 4 gnolls and a dart slug.

Vanquished Creatures
  2 worms (D:2)
  2 dart slugs
  A bat (D:1)
  7 endoplasms
  2 giant cockroaches
  4 goblins (D:2)
  6 hobgoblins
  6 jackals
  8 kobolds
  A quokka (D:1)
  4 ball pythons
  2 frilled lizards
  3 rats
48 creatures vanquished.

Notes
Turn   | Place    | Note
-------+----------+-------------------------------------------
     0 | D:5      | croobank the Felid Delver began the quest for the Orb.
     0 | D:5      | Reached XP level 1. HP: 10/10 MP: 2/2
     2 | D:5      | Noticed a necrophage
    17 | D:4      | Got the Catalogue of Unstable Heat
   165 | D:1      | Reached XP level 2. HP: 6/14 MP: 3/3
   922 | D:1      | Found a faded altar of an unknown god.
  1525 | D:1      | Prayed at the altar of an unknown god.
  1525 | D:1      | Became a worshipper of Nemelex Xobeh the Trickster
  1525 | D:1      | Reached * piety under Nemelex Xobeh
  1609 | D:2      | Reached XP level 3. HP: 9/17 MP: 4/4
  1655 | D:2      | Reached skill level 7 in Stealth
  2166 | D:2      | Received a gift from Nemelex Xobeh
  2229 | D:2      | Found a runed translucent door.
  2230 | D:2      | Noticed Crazy Yiuf
  2739 | D:3      | Slain by a gnoll

Illustrated notes

Levels and vault maps discovered:
D:1:      elethiomel_arrival_infinity_welcomes_careful_drivers,
          layout_loops_ring, ebering_ecumenical_altar_mist, hex_large,
          minmay_vboxes
D:2:      layout_rooms, glass_columns_c, kennysheep_generic_room_14,
          uniq_crazy_yiuf_cottage
D:3:      layout_rooms, serial_curves, eino_curves_04, eino_curves_01,
          eino_curves_03, eino_curves_02
D:4:      layout_loops_corners, kennysheep_mini_moat,
          mainiacjoe_overflow_catwalk, minmay_temple_entry_mist,
          lightli_minifort, uniq_sigmund, uniq_duvessa, uniq_eustachio
D:5:      layout_basic, lemuel_coloured_pillars_altar,
          cheibrodos_sewer_entry_drain, serial_shops, shop

Skill      XL: |  1  2  3 |
---------------+----------+-----
Dodging        | 3 |  3.6
Stealth        | 7 |  7.2
Fighting       | |  3.5
Unarmed Combat | |  2.7

Action                   || total
-------------------------++-------
Melee: Unarmed           ||   156
       Bite              ||    17
       Punch             ||     2
  Use: Scroll            ||     7
       Potion            ||     2
 Stab: Sleeping          ||    12
       Distracted        ||     1
Armor: Skin              ||     4
Dodge: Dodged            ||    95
Block: Other             ||     1
       Reflection        ||     1

Table legend: (Time is in decaauts)
 A = Elapsed time spent in this place.
 B = Non-inter-level travel time spent in this place.
 C = Inter-level travel time spent in this place.
 D = Time resting spent in this place.
 E = Time spent auto-exploring this place.
 F = Levels seen in this place.
 G = Mean time per level.
                   A        B        C        D        E       F      G
               +--------+--------+--------+--------+--------+-----+--------+
         Total |   2443 |   2418 |     25 |    880 |   1005 |   5 |  488.6 |
       Dungeon |   2443 |   2418 |     25 |    880 |   1005 |   5 |  488.6 |
               +--------+--------+--------+--------+--------+-----+--------+

Top non-repeatable levels by time:
     D:1: 1577 daAuts
     D:2: 746 daAuts
     D:3: 96 daAuts
     D:4: 12 daAuts
     D:5: 9 daAuts
